 Dungeon Crawl Stone Soup version 0.18.1-48-g4cf74bf (console) character file.

20305 Kloppie the Basher (level 12, -10/110 HPs)
             Began as a Minotaur Gladiator on July 3, 2016.
             Was a High Priest of Okawaru.
             Killed from afar by a purple draconian (33 damage)
             ... with a bolt of dispelling energy
             ... on level 1 of the Abyss.
             The game lasted 00:24:29 (12540 turns).

Kloppie the Basher (Minotaur Gladiator)            Turns: 12540, Time: 00:24:30

Health: -10/110    AC: 25    Str: 20    XL:     12   Next: 44%
Magic:  13/13      EV:  9    Int:  5    God:    Okawaru [*****.]
Gold:   672        SH:  0    Dex: 16    Spells: 0 memorised, 11 levels left

rFire  . . .     SeeInvis +     a - +2 flail (protect)
rCold  + . .     Gourm    .     h - +0 storm dragon armour
rNeg   . . .     Faith    .     (no shield)
rPois  .         Spirit   .     c - +1 hat
rElec  +         Dismiss  .     I - +0 cloak
rCorr  .         Reflect  .     J - +0 pair of gloves
SustAt .         Harm     .     n - +0 pair of boots {run}
MR     .....                    (no amulet)
Stlth  ..........               L - ring of see invisible
                                l - ring of protection from cold

@: drained, quick, not resistant to hostile enchantments, extremely unstealthy
A: retaliatory headbutt, horns 2
a: Heroism, Finesse, Renounce Religion


You were on level 1 of the Abyss.
You worshipped Okawaru.
Okawaru was extremely pleased with you.
You were hungry.

You visited 3 branches of the dungeon, and saw 14 of its levels.
You visited the Abyss 1 time.
You also visited: Sewer.

You collected 672 gold pieces.

Inventory:

Hand Weapons
 a - a +2 flail of protection (weapon)
 b - the +3 longbow "Eboodeem" {freeze, +Fly Str+3}
   (Okawaru gifted it to you on level 2 of the Lair of Beasts)

   It causes projectiles fired from it to freeze those they strike, causing
   extra injury to most foes and up to half again as much damage against
   particularly susceptible opponents.
   They can also slow down cold-blooded creatures.
   It affects your strength (+3).
   It lets you fly.
 p - a +1 flail of crushing
Missiles
 D - a throwing net (quivered)
Armour
 c - a +1 hat (worn)
 h - a +0 storm dragon armour (worn)
 m - a +0 shield
 n - a +0 pair of boots of running (worn)
 I - a +0 cloak (worn)
 J - a +0 pair of gloves (worn)
Jewellery
 l - a ring of protection from cold (left hand)
 A - an uncursed ring of ice
 H - an uncursed ring of fire
 L - a ring of see invisible (right hand)
Wands
 E - a wand of digging (11/24)
 F - a wand of acid (9/15)
 N - a wand of digging (9/24)
 O - a wand of confusion (31/48)
 P - a wand of random effects (41/48)
Scrolls
 i - 2 scrolls of magic mapping
 o - a scroll of fog
 r - 4 scrolls of teleportation
 y - a scroll of identify
 C - 2 scrolls of enchant armour
 K - a scroll of enchant weapon
Potions
 e - 7 potions of curing
 g - a potion of might {unknown}
 q - a potion of resistance
 t - a potion of heal wounds
 u - a potion of ambrosia
 v - a potion of experience {unknown}
 w - 4 potions of flight
 z - a potion of haste
 G - 3 potions of berserk rage
Books
 s - a book of Changes

   Spells                             Type                      Level
   a - Beastly Appendage              Transmutation                1
   b - Sticks to Snakes               Transmutation                2
   c - Spider Form                    Transmutation/Poison         3
   d - Ice Form                       Ice/Transmutation            4
   e - Blade Hands                    Transmutation                5
 x - an Akashic Record

   Spells                             Type                      Level
   a - Dispersal                      Translocation                6
   b - Malign Gateway                 Summoning/Translocation      7
   c - Disjunction                    Translocation                8
   d - Controlled Blink               Translocation                8
Comestibles
 d - 6 fruits
 f - 9 bread rations
 j - 10 meat rations
 k - 7 slices of pizza
 B - 2 beef jerkies


   Skills:
 - Level 11.2(10.7) Fighting
 - Level 14.4(13.8) Maces & Flails
 - Level 2.0(1.5) Throwing
 - Level 10.8(10.2) Armour
 - Level 3.2(2.8) Dodging
 + Level 12.1(11.5) Shields
 + Level 2.8(2.4) Invocations


You had 11 spell levels left.
You didn't know any spells.

Dungeon Overview and Level Annotations

Branches:
Dungeon (9/15)             Temple (1/1) D:5            Lair (4/8) D:9
  Snake (0/4) Lair:3          Orc (0/2) D:9
  Swamp: Lair:3-6    Shoals: Lair:3-6

Altars:
Ashenzari
Cheibriados
Dithmenos
Elyvilon
Fedhas
Gozag
Kikubaaqudgha
Makhleb
Nemelex Xobeh
Okawaru
Pakellas
Qazlal
Ru
Sif Muna
Trog
Vehumet
Xom
Yredelemnul
Zin
The Shining One

Shops:
D:6 *([(

Annotations:
Lair:4 Sonja


Innate Abilities, Weirdness & Mutations

You reflexively headbutt those who attack you in melee.
You have a pair of horns on your head.


Message History

You feel the power of the Abyss delaying your translocation!
The purple draconian hits you but does no damage.
The vampire mage hits you.
* * * LOW HITPOINT WARNING * * *
The vampire mage bites you!
* * * LOW HITPOINT WARNING * * *
Drink which item? (? for menu, Esc to quit)
You feel much better.
The vampire mage mumbles some strange words.
The vampire mage flickers and vanishes for a moment.
The vampire mage points at you and mumbles some strange words.
The bolt of negative energy hits you!
You feel drained.
* * * LOW HITPOINT WARNING * * *
The purple draconian breathes dispelling energy at you.
The bolt of dispelling energy hits you!
You feel strangely stable.
* * * LOW HITPOINT WARNING * * *
The purple draconian breathes dispelling energy at you.
The bolt of dispelling energy hits you!
You die...

# #.. # ## ###.
#.. #.#
#.#...#..#
#..#... .#.#
#....##..# .
####..#.# .#..
##.#V# .V#.....
####.d.#ยง#...#..
#..@####.##....
#.#.##...##.###.#
#. ..####...## .#
.. ###. #.#..# .
.# . #.#.. .
.##..#.## .#
..... ##... # .
#..#. # #.


You could see a purple draconian and a vampire mage (invisible).

Vanquished Creatures
  2 hydras
  Fannar (Lair:2)
  3 elephants (Lair:3)
  8 black mambas
  5 spiny frogs
  A rime drake (Lair:2)
  2 komodo dragons
  Prince Ribbit (D:9)
  10 blink frogs
  A wyvern (D:6)
  23 yaks
  4 hippogriffs
  A basilisk (Lair:4)
  2 hungry ghosts (D:9)
  A soldier ant (D:7)
  9 water moccasins
  2 sky beasts
  An orc warrior (D:9)
  2 porcupines
  An ice beast (D:7)
  3 phantoms
  A necrophage (D:8)
  5 ogres
  4 crocodiles (Lair:1)
  A centaur (D:5)
  10 giant frogs
  A small abomination (Abyss:1)
  5 big kobolds
  A water moccasin zombie (D:5)
  3 scorpions
  4 wights (D:7)
  2 crimson imps
  A centaur zombie (D:7)
  A quasit (D:3)
  A giant frog zombie (D:8)
  2 hounds
  2 giant frog skeletons
  4 orc wizards
  5 orc priests
  A jelly (D:6)
  2 centaur skeletons
  2 iguanas
  4 worker ants
  6 hell rats (Lair:2)
  14 sheep
  A hound zombie (D:7)
  A worker ant zombie (D:9)
  Robin (D:4)
  3 gnolls (D:9)
  14 adders
  43 river rats
  3 shadow imps
  3 oozes
  An adder skeleton (D:9)
  3 worms
  6 dart slugs
  2 giant geckos
  14 orcs
  2 ball pythons
  9 bats
  9 giant cockroaches
  25 goblins
  8 hobgoblins
  21 jackals
  3 quokkas
  A giant gecko skeleton (D:4)
  A giant gecko zombie (D:7)
  2 giant newts
  A jackal skeleton (D:4)
  18 kobolds
  10 rats
370 creatures vanquished.

Vanquished Creatures (others)
  A hydra (D:4)
  2 fungi (Lair:2)
  2 plants (Lair:2)
5 creatures vanquished.

Grand Total: 375 creatures vanquished

Notes
Turn   | Place    | Note
--------------------------------------------------------------
     0 | D:1      | Kloppie the Minotaur Gladiator began the quest for the Orb.
     0 | D:1      | Reached XP level 1. HP: 18/18 MP: 0/0
    75 | D:1      | Reached XP level 2. HP: 24/25 MP: 1/1
    78 | D:1      | Reached skill level 4 in Maces & Flails
   117 | D:1      | Reached skill level 1 in Armour
   448 | D:1      | Reached XP level 3. HP: 21/31 MP: 2/2
   951 | D:2      | Reached skill level 1 in Shields
  1164 | D:2      | Reached XP level 4. HP: 40/40 MP: 3/3
  1547 | D:3      | Found a glowing golden altar of the Shining One.
  1550 | D:3      | Reached XP level 5. HP: 46/46 MP: 4/4
  1789 | D:3      | Found a glowing drain.
  1793 | Sewer    | Entered a sewer
  1801 | Sewer    | Reached skill level 5 in Maces & Flails
  1882 | Sewer    | Found a white marble altar of Elyvilon.
  2109 | D:3      | Reached XP level 6. HP: 51/53 MP: 5/5
  2383 | D:4      | Reached skill level 5 in Fighting
  2552 | D:4      | Noticed Robin
  2570 | D:4      | Killed Robin
  3112 | D:4      | Found an oddly glowing altar of Pakellas.
  3113 | D:4      | Noticed a six-headed hydra
  3121 | D:4      | Killed a six-headed hydra
  3193 | D:5      | Entered Level 5 of the Dungeon
  3228 | D:5      | Reached XP level 7. HP: 61/61 MP: 6/6
  3240 | D:5      | Found a staircase to the Ecumenical Temple.
  3259 | Temple   | Entered the Ecumenical Temple
  3349 | Temple   | Became a worshipper of Warmaster Okawaru
  3379 | D:5      | Reached skill level 6 in Maces & Flails
  3422 | D:5      | Found Zavuwet's Food Shop.
  3672 | D:5      | Reached * piety under Okawaru
  3917 | D:5      | Reached skill level 5 in Armour
  4032 | D:6      | Reached skill level 5 in Shields
  4049 | D:6      | Reached XP level 8. HP: 70/70 MP: 7/7
  4104 | D:6      | Found Wehynuts's Whimsical Warehouse.
  4126 | D:6      | Found Foagret's Antique Weapon Shoppe.
  4167 | D:6      | Reached skill level 7 in Maces & Flails
  4342 | D:6      | Found Oroy's Weapon Shoppe.
  4521 | D:6      | Found Lerchozok's Armour Emporium.
  4740 | D:7      | Found a stormy altar of Qazlal.
  4740 | D:7      | Found a shimmering altar of Xom.
  4742 | D:7      | Found a burning altar of Makhleb.
  4742 | D:7      | Found a bloodstained altar of Trog.
  4742 | D:7      | Found a sacrificial altar of Ru.
  4742 | D:7      | Found a shattered altar of Ashenzari.
  4743 | D:7      | Found an opulent altar of Gozag.
  4772 | D:7      | Reached skill level 8 in Maces & Flails
  4791 | D:7      | Reached ** piety under Okawaru
  4861 | D:7      | Identified a scroll of acquirement
  4943 | D:7      | Reached XP level 9. HP: 80/80 MP: 8/8
  5689 | D:8      | Reached skill level 9 in Maces & Flails
  6188 | D:9      | Noticed Prince Ribbit
  6193 | D:9      | Reached *** piety under Okawaru
  6218 | D:9      | Killed Prince Ribbit
  6263 | D:9      | Found a staircase to the Lair.
  6398 | D:9      | Reached skill level 10 in Maces & Flails
  6408 | D:9      | Reached XP level 10. HP: 68/91 MP: 9/9
  6434 | D:9      | Noticed a two-headed hydra
  6445 | D:9      | Killed a two-headed hydra
  6445 | D:9      | Reached **** piety under Okawaru
  6445 | D:9      | Reached skill level 10 in Fighting
  6533 | D:9      | Found a staircase to the Orcish Mines.
  6750 | Lair:1   | Entered Level 1 of the Lair of Beasts
  6759 | Lair:1   | Noticed a spiny frog
  6768 | Lair:1   | Killed a spiny frog
  6782 | Lair:1   | Got a distressingly furry robe
  6783 | Lair:1   | Identified the +1 robe of Peek-a-Boo {rPois rC- rN++} (You found it on level 1 of the Lair of Beasts)
  6859 | Lair:1   | Reached ***** piety under Okawaru
  6859 | Lair:1   | Reached skill level 10 in Armour
  6862 | Lair:1   | Reached skill level 11 in Maces & Flails
  6879 | Lair:1   | Received a gift from Okawaru
  6900 | Lair:1   | Identified a +0 pair of boots of running (Okawaru gifted it to you on level 1 of the Lair of Beasts)
  7271 | Lair:1   | Reached XP level 11. HP: 102/102 MP: 10/10
  7918 | Lair:2   | Noticed Fannar
  7950 | Lair:2   | Killed Fannar
  7950 | Lair:2   | Reached skill level 12 in Maces & Flails
  7993 | Lair:2   | Found a glowing golden altar of the Shining One.
  8359 | Lair:2   | Noticed a six-headed hydra
  8368 | Lair:2   | Killed a six-headed hydra
  9171 | Lair:2   | Received a gift from Okawaru
  9171 | Lair:2   | Reached skill level 13 in Maces & Flails
  9453 | Lair:2   | Got a twisted longbow {god gift}
  9459 | Lair:2   | Identified the +3 longbow "Eboodeem" {freeze, +Fly Str+3} (Okawaru gifted it to you on level 2 of the Lair of Beasts)
  9884 | Lair:3   | Found a staircase to the Snake Pit.
  9896 | Lair:3   | Reached skill level 10 in Shields
 10547 | Lair:3   | Reached XP level 12. HP: 37/110 MP: 8/11
 10880 | Lair:3   | Reached skill level 14 in Maces & Flails
 12164 | Lair:4   | Reached skill level 1 in Invocations
 12243 | Lair:4   | Received a gift from Okawaru
 12458 | Lair:4   | Noticed Sonja
 12478 | Lair:4   | Cast into level 1 of the Abyss (Sonja)
 12517 | Abyss:1  | Noticed a purple draconian
 12525 | Abyss:1  | Noticed a vampire mage
 12540 | Abyss:1  | Killed from afar by a purple draconian

Skill      XL: |  1  2  3  4  5  6  7  8  9 10 11 12 |
---------------+-------------------------------------+-----
Maces & Flails | 4 5 6 8 10 11 13 14 | 14.4
Armour         | 1 2 3 5 6 9 10 | 10.8
Fighting       | 3 4 5 6 7 9 11 | 11.2
Shields        | 1 2 3 5 6 10 12 | 12.1
Invocations    | 2 |  2.8
Throwing       | |  2.0
Dodging        | |  3.2

Action                   |  1- 3 |  4- 6 |  7- 9 | 10-12 || total
-------------------------+-------+-------+-------+-------++-------
Melee: Flail             |    79 |   219 |   382 |   745 ||  1425
       Headbutt          |     6 |    41 |    66 |   155 ||   268
Throw: Throwing net      |       |       |       |     6 ||     6
Invok: Heroism           |       |       |       |     6 ||     6
Evoke: Wand              |       |       |       |     1 ||     1
  Use: Scroll            |       |    12 |     8 |    10 ||    30
       Potion            |       |       |       |    13 ||    13
  Eat: Chunk             |     1 |     7 |    12 |    20 ||    40
       Royal jelly       |       |       |       |     1 ||     1
Armor: Leather armour    |     3 |       |       |       ||     3
       Scale mail        |    25 |   116 |    41 |       ||   182
       Storm dragon armo |       |       |   108 |   356 ||   464
       Skin              |       |       |       |    84 ||    84
Dodge: Dodged            |    45 |   144 |   118 |   302 ||   609
Block: Buckler           |     8 |    62 |    92 |    31 ||   193
       Shield            |       |       |       |   145 ||   145
